 Dungeon Crawl Stone Soup version 0.31.0-1-g2c135a0 (webtiles) character file.

Game seed: 7555319914018783136

107557 wizard44 the Cleaver (level 16, -11/88 HPs)
             Began as a Vine Stalker Hedge Wizard on Jan 29, 2024.
             Was the Champion of Wu Jian.
             Killed from afar by a shock serpent (21 damage)
             ... with a bolt of electricity
             ... on level 1 of the Snake Pit on Feb 2, 2024.
             The game lasted 06:07:37 (23741 turns).

wizard44 the Cleaver (Vine Stalker Hedge Wizard)   Turns: 23741, Time: 06:07:37

Health: -11/88     AC: 19    Str: 27    XL:     16   Next: 47%
Magic:  0/22       EV: 16    Int: 17    God:    Wu Jian [******]
Gold:   236        SH: 12    Dex: 18    Spells: 5/21 levels left

rFire   + + .        b - +8 hand axe of Parts Unknown {elec, Will+ Str+4}
rCold   + . .        e - +2 kite shield
rNeg    . . .        L - +2 scale mail {rPois}
rPois   +            W - +1 helmet {Int+3}
rElec   .            C - +2 cloak {Stlth+}
rCorr   .            j - +1 pair of gloves "Nautaos" {rF++ Stlth+}
SInv    .            m - +0 pair of boots
Will    ++++.        k - amulet of the Furies {rC+ Will+ Regen+}
Stlth   ++++         o - +6 ring of strength
HPRegen 1.94/turn    O - +4 ring of slaying
MPRegen 0.18/turn

%: guardian spirit
@: studying Conjurations
A: fangs 3, regeneration 1, magic shield, antimagic bite, no potion heal 2
a: Renounce Religion, Wall Jump, Serpent's Lash, Heavenly Storm


You were on level 1 of the Snake Pit.
You worshipped Wu Jian.
Wu Jian was exalted by your worship.
You visited 5 branches of the dungeon, and saw 24 of its levels.
You also visited: Volcano.

You collected 2164 gold pieces.
You spent 1928 gold pieces at shops.

Inventory:

Hand Weapons
 a - a +1 rapier of draining
 b - the +8 hand axe of Parts Unknown (weapon) {elec, Will+ Str+4}
   (You found it on level 5 of the Dungeon)

   Str+4:     It affects your strength (+4).
   Will+:     It increases your willpower.
 Q - the +4 long sword of Cadiyps {flame, rElec rF+ rC- MP+9}
   (You found it on level 3 of the Lair of Beasts)

   rF+:       It protects you from fire.
   rC-:       It makes you vulnerable to cold.
   rElec:     It insulates you from electricity.
   MP+9:      It affects your magic capacity (+9).
Missiles
 i - 5 curare-tipped darts (quivered)
 x - a throwing net
 R - 6 datura-tipped darts
Armour
 e - a +2 kite shield (worn)
 j - the +1 pair of gloves "Nautaos" (worn) {rF++ Stlth+}
   (You bought it in a shop on level 6 of the Dungeon)

   rF++:      It greatly protects you from fire.
   Stlth+:    It makes you more stealthy.
 m - a +0 pair of boots (worn)
 t - a +0 troll leather armour
 C - a +2 cloak of stealth (worn)
 H - the +0 ring mail of Undesirable Species {Will+ Dex+2}
   (You found it on level 15 of the Dungeon)

   Dex+2:     It affects your dexterity (+2).
   Will+:     It increases your willpower.
 I - the +3 leather armour of Objectivity {rC+ rN+ Str-4 Int+3}
   (You found it on level 11 of the Dungeon)

   Str-4:     It affects your strength (-4).
   Int+3:     It affects your intelligence (+3).
   rC+:       It protects you from cold.
   rN+:       It protects you from negative energy.
 K - a +2 buckler of fire resistance
 L - a +2 scale mail of poison resistance (worn)
 W - a +1 helmet of intelligence (worn)
Jewellery
 h - a ring of resist corrosion
 k - the amulet of the Furies (around neck) {rC+ Will+ Regen+}
   (You found it on level 4 of the Dungeon)

   [amulet of regeneration]

   rC+:       It protects you from cold.
   Will+:     It increases your willpower.
   Regen+:    It increases your rate of health regeneration.
 o - a +6 ring of strength (left hand)
 p - the ring of Upyjim {Fly Str+2}
   (You found it on level 5 of the Lair of Beasts)

   [ring of flight]

   Str+2:     It affects your strength (+2).
   Fly:       It grants you flight.
 J - a ring of willpower
 O - a +4 ring of slaying (right hand)
 S - the amulet of Vitality {RegenMP++ Regen++}
   (You found it on level 15 of the Dungeon)

   [amulet of magic regeneration]

   RegenMP:   It increases your rate of magic regeneration.
   Regen++:   It increases your rate of health regeneration.
Wands
 c - a wand of charming (4)
 r - a wand of flame (35)
 z - a wand of iceblast (9)
 B - a wand of mindburst (9)
 E - a wand of acid (10)
 N - a wand of polymorph (3)
Scrolls
 f - 5 scrolls of teleportation
 q - 5 scrolls of amnesia
 u - 5 scrolls of revelation
 y - 2 scrolls of blinking
 D - a scroll of vulnerability
 F - 3 scrolls of immolation
 P - a scroll of fog
 X - a scroll of brand weapon
Potions
 d - 2 potions of magic
 g - 7 potions of curing
 l - 2 potions of berserk rage
 n - 7 potions of brilliance
 s - 6 potions of lignification
 v - 6 potions of mutation
 w - 4 potions of haste
 A - 2 potions of invisibility
 M - 2 potions of enlightenment
 T - a potion of cancellation
 U - a potion of might
 V - 2 potions of resistance
Miscellaneous
 G - a phial of floods (inert)


   Skills:
 + Level 12.1 Fighting
 - Level 2.8 Short Blades
 - Level 14.0 Axes
 + Level 8.5 Armour
 + Level 11.1 Dodging
 - Level 7.0 Stealth
 * Level 5.6 Shields
 - Level 3.3 Spellcasting
 * Level 7.4 Conjurations
 - Level 1.1 Summonings
 + Level 3.7 Translocations
 - Level 3.0 Air Magic
 - Level 3.0 Alchemy
 - Level 6.0 Evocations


You had 5 spell levels left.
You knew the following spells:

 Your Spells              Type           Power      Damage    Failure   Level
a - Mephitic Cloud        Conj/Alch/Air  18%        N/A       30%         3
b - Blink                 Tloc           30%        N/A       22%         2
c - Apportation           Tloc           30%        N/A       14%         1
d - Freezing Cloud        Conj/Ice/Air   7%         6-21      99%         5
e - Irradiate             Conj/Alch      10%        3d15      91%         5

Your spell library contained the following spells:

 Spells                   Type           Power      Damage    Failure   Level
 Magic Dart               Conj           100%       1d8       3%          1
 Sting                    Conj/Alch      80%        1d8       8%          1
 Lesser Beckoning         Tloc           30%        N/A       22%         2
 Mercury Vapours          Alch/Air       26%        N/A       28%         2
 Cigotuvi's Dreadful Rot  Necr/Alch/Air  18%        N/A       38%         2
 Gell's Gravitas          Tloc           15%        N/A       38%         3
 Teleport Other           Tloc           15%        N/A       38%         3
 Call Imp                 Summ           12%        N/A       52%         2
 Slow                     Hex            8%         N/A       54%         1
 Iskenderun's Battlesphe  Conj           28%        2d8       65%         5
 Brom's Barrelling Bould  Conj/Erth      15%        2d4       80%         4
 Manifold Assault         Tloc           15%        N/A       80%         4
 Passage of Golubria      Tloc           15%        N/A       80%         4
 Confusing Touch          Hex            2%         N/A       88%         3
 Inner Flame              Hex/Fire       2%         N/A       88%         3
 Sigil of Binding         Hex            2%         N/A       88%         3
 Vampiric Draining        Necr           2%         2d6       88%         3
 Olgreb's Toxic Radiance  Alch           13%        N/A       88%         4
 Fireball                 Conj/Fire      7%         3d5       98%         5
 Silence                  Hex/Air        3%         N/A       100%        5
 Summon Forest            Summ/Tloc      5%         N/A       100%        5
 Summon Mana Viper        Hex/Summ       4%         N/A       100%        5
 Conjure Ball Lightning   Conj/Air       10%        3x3d6     100%        6
 Dispersal                Tloc           7%         N/A       100%        6
 Summon Cactus Giant      Summ           3%         N/A       100%        6
 Orb of Destruction       Conj           14%        9d7       100%        7
 Disjunction              Tloc           7%         N/A       100%        8
 Ignition                 Fire           1%         3d3       100%        8
 Lehudib's Crystal Spear  Conj/Erth      7%         10d3      100%        8
 Shatter                  Erth           1%         3d5*      100%        9


Dungeon Overview and Level Annotations

Branches:
Dungeon (15/15)            Temple (1/1) D:7            Lair (5/5) D:11
 Shoals (0/4) Lair:3        Snake (1/4) Lair:2        Slime (0/5) Lair:5
    Orc (2/2) D:12            Elf (0/3) Orc:2        Vaults (0/5) D:14
 Depths (0/4) D:15        Volcano (visited)

Altars:
Ashenzari
Cheibriados
Dithmenos
Elyvilon
Fedhas
Gozag
Hepliaklqana
Kikubaaqudgha
Makhleb
Nemelex Xobeh
Okawaru
Qazlal
Ru
Sif Muna
Trog
Uskayaw
Vehumet
Wu Jian
Xom
Yredelemnul
Zin
The Shining One

Shops:
D:4 !*   D:6 ?([   D:15 *   Orc:2 [:**

Portals:
Abyss: Lair:4

Annotations:
Lair:1 1 runed translucent door
Lair:4 2 transporters, jagoly's ghost, journeyman GrMo
Lair:5 2 runed translucent doors


Innate Abilities, Weirdness & Mutations

You have razor-sharp teeth.
Your natural rate of healing is unusually fast.
When hurt, damage is shared between your health and your magic reserves.
Your bite disrupts and absorbs the magic of your enemies.
Potions cannot restore your health.


Message History

The Council accepts your kill.
You spin and attack the shock serpent.
You hit the shock serpent.
The shock serpent is severely wounded.
You block the shock serpent's attack. The shock serpent bites you!
The shock serpent shocks you!
You see here 5 stones.
Aiming: Corrosive Bolt
Press: ? - help, Shift-Dir - straight line, f - mana viper
Aim: a mana viper (60% to hit)
The bolt of acid hits the shock serpent!
The shock serpent is almost dead.
The bolt of acid hits the naga!!
The acid corrodes the naga!
The naga is severely wounded.
The bolt of acid hits the naga!!
The naga is severely wounded.
The bolt of acid hits the mana viper!
The acid corrodes the mana viper!
The mana viper is moderately wounded.
The shock serpent's electric aura discharges, shocking you!
You hear an angry hiss. x2
The shock serpent shoots out a bolt of lightning at you!
The bolt of electricity hits you!! The bolt of electricity hits you!
* * * LOW HITPOINT WARNING * * *
A mana viper comes into view.
Unknown command.
Aiming: Corrosive Bolt
Press: ? - help, Shift-Dir - straight line, f/p - mana viper
Aim: a mana viper (moderately wounded, covered in acid, 60% to hit)
The bolt of acid misses the shock serpent.
The bolt of acid misses the naga.
The bolt of acid hits the naga!
The acid corrodes the naga!
The naga is moderately wounded.
The bolt of acid hits the mana viper!
The mana viper seems to be corroded for longer.
The mana viper is severely wounded.
You hear an angry hiss. x2
The shock serpent shoots out a bolt of lightning at you!
The bolt of electricity hits you!
* * * LOW HITPOINT WARNING * * *
The bolt of electricity hits you!!
You die...

S. #...
#####.N.S. ..
###@SNNS..S##..#
#...N#N........#
##...# ...#...#
#..[# ..#...#
###.### .....#
#...###...#
#....<.)..#
#.....#.#.#
#.....#.#


You could see a naga warrior, a naga ritualist, a shock serpent, 3 mana vipers
and 3 nagas.

Vanquished Creatures
  Rupert (Orc:2)
  Jorgrun (D:15)
  Agnes (D:15)
  Roxanne (D:14)
  An orc warlord (Orc:2)
  An ironbound thunderhulk (D:14)
  A red draconian (Volcano)
  The ghost of yakattack the Gelid, a journeyman OpAl of Sif Muna (Lair:5)
  A great orb of eyes (D:15)
  The ghost of Biscolet the Fighter, a journeyman DsFi of Okawaru (D:12)
  2 vault guards (D:14)
  Erolcha (Orc:1)
  An ogre mage (D:15)
  4 centaur warriors
  5 hydras
  2 catoblepae
  2 boulder beetles
  Erica (D:8)
  8 two-headed ogres
  10 death yaks
  A deep troll earth mage (D:14)
  An occultist (D:13)
  A dancing weapon (D:14)
  An orc high priest (Orc:2)
  A naga sharpshooter (Snake:1)
  Sonja (Orc:1)
  5 skeletal warriors (D:15)
  3 skysharks
  A death drake (shapeshifter) (D:15)
  An arcanist (D:13)
  7 orc knights
  A lindwurm (Lair:5)
  5 deep elf pyromancers
  5 ugly things
  3 orc sorcerers (Orc:2)
  6 manticores
  4 cyclopes
  25 elephants
  3 meliai (D:12)
  A guardian serpent (Snake:1)
  Joseph (D:7)
  11 black mambas
  12 cane toads
  4 molten gargoyles
  An efreet (D:15)
  5 rime drakes
  A kobold demonologist (D:10)
  17 komodo dragons
  A yaktaur (Volcano)
  12 trolls
  2 hornets
  A polar bear (Lair:4)
  A queen bee (Lair:2)
  22 blink frogs
  9 saltlings (Orc:2)
  5 dream sheep (Lair:4)
  A dream sheep (shapeshifter) (D:14)
  Sigmund (D:3)
  3 shadows
  6 slime creatures (D:15)
  5 wyverns
  A fire bat (shapeshifter) (D:15)
  5 wraiths
  36 yaks
  Eustachio (D:4)
  4 basilisks
  A human (D:14)
  4 vampire mosquitoes (D:15)
  2 wargs
  4 steam dragons
  3 nagas
  An acid dragon (D:12)
  14 water moccasins
  4 hell hounds (Lair:5)
  3 sky beasts
  4 laughing skulls (D:13)
  6 ogres
  12 orc warriors
  3 ice beasts
  5 black bears
  12 wolves
  11 centaurs
  A phantom (D:7)
  10 bullfrogs
  A gnoll sergeant (D:9)
  2 kobold brigands (D:9)
  5 scorpions
  7 wights (D:7)
  32 killer bees
  5 howler monkeys
  10 lava snakes
  3 hounds
  5 jellies
  A bombardier beetle (D:6)
  4 orc priests
  A gnoll bouda (Lair:1)
  9 orc wizards
  Natasha (thrice) (D:3)
  An iguana (D:4)
  7 hell rats (Lair:5)
  7 gnolls
  7 adders
  A shadow imp (D:7)
  A white imp (D:7)
  4 ufetubi
  4 dart slugs
  4 ribbon worms
  44 orcs
  12 ball pythons
  6 bats
  8 endoplasms
  5 giant cockroaches
  6 goblins
  4 hobgoblins
  10 jackals
  14 kobolds
  3 quokkas
  4 frilled lizards
  5 rats
  2 butterflies (D:1)
637 creatures vanquished.

Vanquished Creatures (collateral kills)
  4 orcs
4 creatures vanquished.

Vanquished Creatures (others)
  2 orcs
2 creatures vanquished.

Grand Total: 643 creatures vanquished

Notes
Turn   | Place    | Note
-------+----------+-------------------------------------------
     0 | D:1      | wizard44 the Vine Stalker Hedge Wizard began the quest for
                  | the Orb.
     0 | D:1      | Reached XP level 1. HP: 9/9 MP: 5/5
   228 | D:1      | Reached XP level 2. HP: 11/13 MP: 1/7
   344 | D:1      | Learned a level 2 spell: Blink
   347 | D:1      | Learned a level 2 spell: Call Imp
   980 | D:1      | Reached XP level 3. HP: 17/17 MP: 6/8
  1334 | D:2      | Found a faded altar of an unknown god.
  1540 | D:2      | Reached skill level 1 in Short Blades
  1750 | D:2      | Reached skill level 1 in Fighting
  1815 | D:2      | Reached XP level 4. HP: 18/22 MP: 8/10
  1934 | D:2      | Identified the +1 robe "Qarphox" {Str+3}
  2273 | D:3      | Noticed Natasha
  2733 | D:4      | Noticed Eustachio
  2773 | D:4      | Killed Eustachio
  2774 | D:4      | Reached XP level 5. HP: 21/26 MP: 6/11
  2774 | D:4      | Reached XP level 6. HP: 25/30 MP: 6/12
  2823 | D:3      | Killed Natasha
  2864 | D:3      | Noticed Natasha
  2952 | D:3      | Noticed Sigmund
  3126 | D:3      | Killed Natasha
  3452 | D:4      | Found Wyxtyam's Distillery.
  3453 | D:4      | Found Owasurih's Assorted Antiques.
  3661 | D:4      | Identified the amulet of the Furies {rC+ Will+ Regen+}
  3759 | D:4      | Found a sacrificial altar of Ru.
  4028 | D:5      | Entered Level 5 of the Dungeon
  4068 | D:5      | Reached skill level 5 in Stealth
  4068 | D:5      | Reached XP level 7. HP: 31/35 MP: 10/13
  4138 | D:5      | Identified the +8 hand axe of Parts Unknown {elec, Will+
                  | Str+4}
  4287 | D:5      | Reached skill level 1 in Axes
  4433 | D:5      | Reached skill level 2 in Axes
  4481 | D:5      | Found a shadowy altar of Dithmenos.
  4606 | D:5      | Found a glowing golden altar of the Shining One.
  4689 | D:3      | Killed Sigmund
  4690 | D:3      | Gained mutation: You have razor-sharp teeth. [Vine Stalker
                  | growth]
  4690 | D:3      | Reached XP level 8. HP: 40/40 MP: 11/14
  4724 | D:3      | Noticed Natasha
  4729 | D:3      | Killed Natasha
  4854 | D:6      | Found Kisaret's Antique Weapon Emporium.
  4981 | D:6      | Reached skill level 3 in Axes
  5049 | D:6      | Found Piuwn's Antique Armour Shop.
  5621 | D:6      | Reached skill level 4 in Axes
  5990 | D:6      | Found Zowkuen's Magic Scroll Shoppe.
  6202 | D:6      | Bought a scroll of brand weapon for 114 gold pieces
  6276 | D:6      | Bought a pair of polished gloves for 209 gold pieces
  6276 | D:6      | Identified the +1 pair of gloves "Nautaos" {rF++ Stlth+}
                  | (You bought it in a shop on level 6 of the Dungeon)
  6363 | D:7      | Found a white marble altar of Elyvilon.
  6457 | D:7      | Found a staircase to the Ecumenical Temple.
  6551 | Temple   | Entered the Ecumenical Temple
  6609 | Temple   | Became a worshipper of the Wu Jian Council
  6643 | D:7      | Reached XP level 9. HP: 46/46 MP: 13/15
  6717 | D:7      | Reached skill level 5 in Axes
  6921 | D:7      | Noticed Joseph
  6929 | D:7      | Killed Joseph
  6930 | D:7      | Reached skill level 5 in Fighting
  6930 | D:7      | Reached skill level 6 in Axes
  6930 | D:7      | Reached skill level 5 in Dodging
  7205 | D:7      | Reached * piety under Wu Jian
  7303 | D:6      | Bought an embroidered cloak for 165 gold pieces
  7591 | D:8      | Reached skill level 7 in Axes
  7636 | D:8      | Noticed Erica
  7996 | D:9      | Noticed a troll
  8002 | D:9      | Killed a troll
  8003 | D:9      | Reached XP level 10. HP: 53/53 MP: 16/16
  8916 | D:9      | Reached skill level 8 in Axes
  9128 | D:10     | Entered Level 10 of the Dungeon
  9395 | D:10     | Noticed a kobold demonologist
  9402 | D:10     | Killed a kobold demonologist
  9441 | D:10     | Reached ** piety under Wu Jian
  9449 | D:10     | Found a snail-covered altar of Cheibriados.
  9816 | D:11     | Found a staircase to the Lair.
  9849 | D:11     | Reached skill level 9 in Axes
 10034 | D:11     | Reached XP level 11. HP: 58/58 MP: 17/17
 10038 | D:11     | Identified the +3 leather armour of Objectivity {rC+ rN+
                  | Str-4 Int+3}
 10489 | D:8      | Killed Erica
 10743 | Lair:1   | Entered Level 1 of the Lair of Beasts
 10999 | Lair:1   | Reached skill level 10 in Axes
 10999 | Lair:1   | Reached skill level 1 in Armour
 10999 | Lair:1   | Reached skill level 1 in Evocations
 11186 | Lair:1   | Reached *** piety under Wu Jian
 11305 | Lair:1   | Noticed a catoblepas
 11329 | Lair:1   | Killed a catoblepas
 11350 | Lair:1   | Reached XP level 12. HP: 40/65 MP: 6/18
 11508 | Lair:1   | Reached skill level 11 in Axes
 11573 | Lair:1   | Noticed a dire elephant
 11593 | Lair:1   | Found a runed translucent door.
 12098 | Lair:2   | Found a staircase to the Snake Pit.
 12325 | Lair:2   | Reached **** piety under Wu Jian
 12417 | Lair:2   | You fall into a shaft and drop 2 floors!
 12682 | Lair:2   | Noticed a skyshark
 12687 | Lair:2   | Killed a skyshark
 12688 | Lair:2   | Reached skill level 12 in Axes
 12997 | Lair:2   | Reached XP level 13. HP: 70/70 MP: 19/19
 13160 | Lair:3   | Identified the +4 long sword of Cadiyps {flame, rElec rF+
                  | rC- MP+9}
 13208 | Lair:3   | Reached skill level 5 in Evocations
 13458 | Lair:3   | Reached ***** piety under Wu Jian
 13530 | Lair:3   | Found a staircase to the Shoals.
 13662 | Lair:3   | Reached skill level 5 in Armour
 14461 | Lair:4   | Found a transporter.
 14520 | Lair:4   | Found a transporter.
 14527 | Lair:4   | Found a one-way gate to the infinite horrors of the Abyss.
 14618 | Lair:4   | Reached skill level 13 in Axes
 14867 | Lair:4   | Noticed jagoly's ghost (journeyman GrMo)
 14970 | Lair:4   | Reached skill level 10 in Fighting
 15081 | Lair:4   | Reached XP level 14. HP: 75/77 MP: 18/20
 15484 | Lair:5   | Entered Level 5 of the Lair of Beasts
 15802 | Lair:5   | Identified the ring of Upyjim {Fly Str+2}
 15977 | Lair:5   | Reached skill level 14 in Axes
 16055 | Lair:5   | Found a staircase to the Slime Pits.
 16325 | Lair:5   | Reached skill level 10 in Dodging
 16342 | Lair:5   | Found a runed translucent gate.
 16342 | Lair:5   | Found a runed translucent gate.
 16342 | Lair:5   | Found a runed translucent gate.
 16342 | Lair:5   | Noticed yakattack's ghost (journeyman OpAl)
 17007 | Lair:5   | Found a large runed translucent door.
 17007 | Lair:5   | Found a large runed translucent door.
 17292 | Lair:5   | Killed yakattack's ghost
 17315 | Lair:5   | Learned a level 3 spell: Mephitic Cloud
 17321 | Lair:5   | Learned a level 5 spell: Freezing Cloud
 17327 | Lair:5   | Learned a level 5 spell: Irradiate
 18023 | D:12     | Found a runed translucent door.
 18097 | D:12     | Noticed Biscolet's ghost (journeyman DsFi)
 18192 | D:12     | Reached XP level 15. HP: 83/83 MP: 21/21
 18222 | D:12     | Reached skill level 1 in Alchemy
 18222 | D:12     | Reached ****** piety under Wu Jian
 18223 | D:12     | Reached skill level 1 in Air Magic
 18423 | D:12     | Found a staircase to the Orcish Mines.
 18536 | D:12     | Killed Biscolet's ghost
 18700 | Orc:1    | Entered Level 1 of the Orcish Mines
 18765 | Orc:1    | Found a dark tunnel.
 18770 | Volcano  | Entered a volcano
 19264 | Orc:2    | Entered Level 2 of the Orcish Mines
 19265 | Orc:2    | Found a staircase to the Elven Halls.
 19271 | Orc:1    | Noticed Erolcha
 19274 | Orc:1    | Killed Erolcha
 19494 | Orc:2    | Reached skill level 1 in Shields
 19554 | Orc:2    | Noticed Rupert
 19594 | Orc:2    | Found Caicoap's Assorted Antiques.
 19608 | Orc:1    | Noticed Sonja
 19621 | Orc:1    | Killed Sonja
 19882 | Orc:2    | Found Ciargh's Assorted Antiques.
 19914 | Orc:2    | Noticed an orc warlord
 20155 | Orc:2    | Found Qaxadgh's Book Boutique.
 20162 | Orc:2    | Killed an orc warlord
 20175 | Orc:2    | Found Hyopic's Armour Boutique.
 20228 | Orc:2    | Found Fezal's Book Shop.
 20316 | Orc:2    | Killed Rupert
 20586 | D:13     | Reached skill level 5 in Conjurations
 21101 | D:14     | Noticed Roxanne
 21122 | D:14     | Killed Roxanne
 21326 | D:14     | Got the Folio of the Discontinuous Boulder
 21329 | D:14     | Learned a level 1 spell: Apportation
 21456 | D:14     | Found a gate to the Vaults.
 21605 | D:14     | Reached XP level 16. HP: 86/88 MP: 22/22
 22088 | D:15     | Entered Level 15 of the Dungeon
 22258 | D:15     | Identified the +0 ring mail of Undesirable Species {Will+
                  | Dex+2}
 22308 | D:15     | Found the amulet of Vitality {RegenMP++ Regen++}
 22700 | D:15     | Found a staircase to the Depths.
 22715 | D:15     | Reached skill level 5 in Shields
 22900 | D:15     | Noticed Agnes
 22908 | D:15     | Killed Agnes
 23096 | D:15     | Found Saemoqaa's Demolitions Depot.
 23171 | D:15     | Bought a manual of Conjurations for 960 gold pieces
 23171 | D:15     | Bought a phial of floods for 480 gold pieces
 23351 | D:15     | Noticed Jorgrun
 23362 | D:15     | Killed Jorgrun
 23698 | Snake:1  | Entered Level 1 of the Snake Pit
 23741 | Snake:1  | Killed from afar by a shock serpent

Illustrated notes

Levels and vault maps discovered:
D:1:      spicycebolla_arrival_clurvy, layout_loops_cross,
          chequers_serial_rivers_small_a
D:2:      layout_basic, dreamdust_ecumenical_altar_statues
D:3:      layout_basic, uniq_sigmund, uniq_natasha
D:4:      layout_gridville, nicolae_ru_awakened_eye, nicolae_wooded_promenade,
          nicolae_elevator_lobby_asterisk, uniq_eustachio
D:5:      layout_rooms, old_standard_altar, tso_oasis_becter,
          minmay_misc_feat_square, minmay_misc_feat_alley
D:6:      layout_layer_cave, serial_shops, kennysheep_mini_moat,
          nicolae_shop_overgrown_old_shop, shop
D:7:      layout_basic, lemuel_crystal_altar, temple_pool_b, uniq_joseph
D:8:      black_bear_nest_1, layout_layer_cave, uniq_erica
D:9:      layout_basic, minivault_19
D:10:     layout_loops_ring, slow_altar_2, minmay_misc_feat_encased
D:11:     layout_cave_pools, lair_entry_dummy, serial_column_ruins,
          column_ruins_pillar_2, column_ruins_pillar_10, column_ruins_pillar_3,
          column_ruins_pillar_9, column_ruins_pillar_8, column_ruins_pillar_1,
          column_ruins_pillar_7, column_ruins_pillar_6, column_ruins_pillar_2,
          column_ruins_pillar_11, column_ruins_pillar_1, column_ruins_pillar_3,
          column_ruins_pillar_2, column_ruins_pillar_1, column_ruins_pillar_7,
          column_ruins_pillar_9
D:12:     layout_stronghold, gammafunk_ghost_grave
D:13:     cheibrodos_lost_city_excavation, layout_cave_pools,
          hangedman_decor_lopped, hangedman_abyss_or_decor_lesser_grid
D:14:     layout_stronghold, hellmonk_vaults_keyhole, minivault_4,
          minmay_radiant, uniq_roxanne
D:15:     gammafunk_enter_depths_forms, layout_stronghold,
          hangedman_decor_clover_reticule, nicolae_blasting_shop, uniq_jorgrun,
          uniq_agnes
Temple:   bh_familiar_temple
Lair:1:   gammafunk_lair_enchanted_lake, layout_chaotic_city,
          dreamdust_gnoll_shepherd
Lair:2:   layout_hall_layers, minmay_snake_entry_guardpost_small, special_room
          [special_room_bee]
Lair:3:   cheibrodos_magma_flow, layout_regular_city, shoals_dummy_entry,
          serial_forest, infiniplex_forest_clump_long,
          infiniplex_forest_lined_corner, infiniplex_forest_clump_medium,
          infiniplex_forest_end_1, infiniplex_forest_lined_corner,
          infiniplex_forest_zigzag_1, infiniplex_forest_clump_curved,
          serial_bayou_shore_b, grunt_megastairs_3, infiniplex_staircase_pool_2
Lair:4:   layout_regular_city, gammafunk_ghost_abyssal_escape
Lair:5:   cheibrodos_lair_end_hotspot, layout_loops_ring,
          nicolae_slime_entry_slimehenge, ebering_ghost_rock_garden
Snake:1:  layout_misc_corridors
Orc:1:    layout_diamond_mine, nicolae_volcano_entry_s_turn,
          minmay_orc_temple_a, uniq_sonja, uniq_erolcha
Orc:2:    hellmonk_orc_salted, layout_caves, serial_shops,
          nicolae_shop_tiny_statue_garden, uniq_rupert

Skill      XL: |  1  2  3  4  5  6  7  8  9 10 11 12 13 14 15 16 |
---------------+-------------------------------------------------+-----
Stealth        | 3 4 5 6 7 |  7.0
Dodging        | 2 3 4 5 6 7 8 9 10 11 | 11.1
Short Blades   | 1 2 |  2.8
Fighting       | 1 2 3 4 5 7 8 9 10 11 12 | 12.1
Axes           | 2 4 7 9 10 12 13 14 | 14.0
Armour         | 2 4 5 7 8 |  8.5
Evocations     | 2 4 6 |  6.0
Conjurations   | 2 5 7 |  7.4
Alchemy        | 3 |  3.0
Air Magic      | 3 |  3.0
Shields        | 4 5 |  5.6
Translocations | 2 3 |  3.7
Spellcasting   | |  3.3
Summonings     | |  1.1

Action                     |  1- 3 |  4- 6 |  7- 9 | 10-12 | 13-15 | 16-18 || total
---------------------------+-------+-------+-------+-------+-------+-------++-------
  Melee: Dagger            |    14 |    42 |       |       |       |       ||    56
         Short sword       |    63 |    36 |       |       |       |       ||    99
         Bite              |    19 |    26 |    38 |   138 |   367 |    74 ||   662
         Rapier            |       |    36 |       |    15 |    25 |     4 ||    80
         Punch             |       |     1 |     3 |     8 |     7 |       ||    19
         Hand axe          |       |       |   162 |   476 |  1024 |   199 ||  1861
         Long sword        |       |       |       |       |     6 |       ||     6
  Throw: Dart              |     3 |    14 |    14 |    30 |    50 |     5 ||   116
   Cast: Magic Dart        |    52 |     8 |       |       |       |       ||    60
         Call Imp          |       |     1 |       |       |       |       ||     1
 Invoke: Serpent's Lash    |       |       |       |       |     5 |     2 ||     7
Ability: Lunge             |       |       |     9 |    49 |    97 |    18 ||   173
         Whirlwind         |       |       |     1 |    64 |   185 |    38 ||   288
         Wall Jump         |       |       |       |    11 |    21 |     2 ||    34
  Evoke: Wand              |       |       |     6 |     8 |    40 |     9 ||    63
         Phial of floods   |       |       |       |       |       |     1 ||     1
    Use: Scroll            |       |    10 |     8 |     7 |    12 |     6 ||    43
         Potion            |       |       |       |       |     1 |       ||     1
   Stab: Sleeping          |     7 |    10 |    11 |     9 |    22 |     6 ||    65
         Distracted        |     1 |       |       |     1 |     2 |       ||     4
 Armour: Robe              |    18 |    47 |    53 |       |       |       ||   118
         Leather armour    |    28 |     8 |       |       |       |       ||    36
         Chain mail        |       |       |    54 |   150 |    40 |       ||   244
         Scale mail        |       |       |       |   126 |   365 |    73 ||   564
  Dodge: Dodged            |    35 |    63 |    95 |   218 |   322 |    48 ||   781
  Block: Buckler           |       |       |       |       |    29 |       ||    29
         Kite shield       |       |       |       |       |     8 |    65 ||    73
